 Dungeon Crawl Stone Soup version 0.17-a0-1572-g7a1422d (webtiles) character file.

97253 Chiseanne the Peltast (level 15, -16/125 HPs)
             Began as a Minotaur Gladiator on July 25, 2015.
             Was the Champion of Sif Muna.
             Demolished by a shambling mangrove (30 damage)
             ... on level 3 of the Swamp on July 26, 2015.
             The game lasted 03:18:05 (29524 turns).

Chiseanne the Peltast (Minotaur Gladiator)         Turns: 29524, Time: 03:18:05

Health: -16/125    AC: 17    Str: 22    XL:     15   Next: 71%
Magic:  2/36       EV: 11    Int: 14    God:    Sif Muna [******]
Gold:   611        SH: 17    Dex: 10    Spells: 11 memorised, 2 levels left

rFire  + + .     SeeInvis .     a - +9 lance "Wyrmbane" {slay drac, +Rage rPois rF+ AC+5}
rCold  + + .     Clarity  .     z - +2 robe {rC+}
rNeg   + . .     SustAt   .     b - +3 shield {reflect}
rPois  +         Gourm    .     R - -2 hat of the Alchemist {rElec rPois rF+ rC+ rN+ MR+ rMut rCorr}
rElec  +         Spirit   .     Y - +1 cloak {+Inv}
rCorr  +         Warding  .     t - +1 pair of gloves
rMut   +         Stasis   .     Z - +1 pair of boots {run}
MR     ++...                    H - amulet of regeneration
Stlth  +.........               k - ring of magical power
                                I - +4 ring of intelligence

@: stone skin, grasped by roots, repel missiles, slow, very resistant to hostile
enchantments, very unstealthy
A: retaliatory headbutt, horns 2
a: Channel Energy, Forget Spell, Renounce Religion, Evoke Berserk Rage, Evoke
Invisibility


You were on level 3 of the Swamp.
You worshipped Sif Muna.
Sif Muna was exalted by your worship.
You were not hungry.

You visited 4 branches of the dungeon, and saw 30 of its levels.
You also visited: Labyrinth, Ossuary and Volcano.

You collected 2735 gold pieces.
You spent 2124 gold pieces at shops.

Inventory:

Hand weapons
 a - the +9 lance "Wyrmbane" (weapon) {slay drac, +Rage rPois rF+ AC+5}
   (You found it in a labyrinth)

   It affects your AC (+5).
   It protects you from fire.
   It protects you from poison.
   It lets you go berserk.
 w - a +2 blowgun
Missiles
 g - 4 poisoned javelins
 h - 6 curare-tipped needles
 p - 55 poisoned needles
 x - 6 throwing nets (quivered)
Armour
 b - a +3 shield of reflection (worn)
 t - a +1 pair of gloves (worn)
 z - a +2 robe of cold resistance (worn)
 R - the -2 hat of the Alchemist (worn) {rElec rPois rF+ rC+ rN+ MR+ rMut rCorr}
   (You bought it in a shop on level 4 of the Orcish Mines)

   It protects you from fire.
   It protects you from cold.
   It insulates you from electricity.
   It protects you from poison.
   It protects you from negative energy.
   It affects your resistance to hostile enchantments.
   It protects you from acid and corrosion.
   It protects you from mutation.
 Y - a +1 cloak of invisibility (worn)
 Z - a +1 pair of boots of running (worn)
Magical staves
 d - an uncursed staff of wizardry
Rods
 q - a +3 lightning rod (14/14)
   (You found it in a labyrinth)
Jewellery
 k - a ring of magical power (right hand)
 y - an uncursed ring of flight
 H - an amulet of regeneration (around neck)
 I - a +4 ring of intelligence (left hand)
 S - the ring of Heynon {SustAt -Tele Dex+3 SInv}
   (You found it in a labyrinth)

   [ring of sustain attributes]

   It sustains your strength, intelligence and dexterity.
   It affects your dexterity (+3).
   It lets you see invisible.
   It prevents most forms of teleportation.
Magical devices
 e - a wand of disintegration (6)
 v - a wand of disintegration (8)
 A - a wand of teleportation (5)
 D - a wand of heal wounds (2)
 K - a wand of confusion (8)
 Q - a wand of paralysis (6)
Scrolls
 f - 3 scrolls of blinking
 i - 6 scrolls of teleportation
 s - a scroll of remove curse
 u - 6 scrolls of identify
Potions
 c - a potion of haste
 j - 4 potions of flight
 l - 2 potions of resistance
 m - a potion of cancellation
 n - a potion of invisibility
 o - a potion of cure mutation
 B - 3 potions of curing
 C - a potion of agility
 E - 3 potions of might
 F - a potion of berserk rage
 G - 2 potions of heal wounds
 W - a potion of magic
Books
 J - Sif Muna's Collected Works on Aerial Confrontation {god gift}
   (Sif Muna gifted it to you on level 3 of the Swamp)

   Spells                             Type                      Level
   a - Sting                          Conjuration/Poison           1
   b - Shock                          Conjuration/Air              1
   c - Swiftness                      Charms/Air                   2
   d - Fireball                       Conjuration/Fire             5
   e - Venom Bolt                     Conjuration/Poison           5
   f - Conjure Ball Lightning         Conjuration/Air              6
Miscellaneous
 r - a fan of gales
Comestibles
 N - a bread ration
 T - 13 meat rations


   Skills:
 + Level 9.4 Fighting
   Level 5.5 Long Blades
   Level 4.3(7.6) Axes
 - Level 4.0(4.9) Maces & Flails
 - Level 8.8(9.2) Polearms
 - Level 2.0 Throwing
 - Level 5.8 Armour
 - Level 10.5 Dodging
 - Level 15.0 Shields
 * Level 9.0 Spellcasting
 * Level 2.7 Conjurations
 - Level 1.3 Translocations
 - Level 5.8 Transmutations
 * Level 5.8 Air Magic
 - Level 3.9 Earth Magic
 - Level 11.0 Poison Magic


You had 2 spell levels left.
You knew the following spells:

 Your Spells              Type           Power        Failure   Level  Hunger
a - Apportation           Tloc           ##........   10%         1    None
b - Stoneskin             Trmt/Erth      ###.....     2%          2    None
c - Blink                 Tloc           N/A          12%         2    None
d - Mephitic Cloud        Conj/Pois/Air  ###.....     2%          3    ##.....
e - Repel Missiles        Chrm/Air       ##....       6%          2    None
f - Ignite Poison         Fire/Trmt/Pois ###.....     4%          3    ##.....
g - Passwall              Trmt/Erth      ###.......   6%          3    ##.....
h - Olgreb's Toxic Radia  Pois           #####...     1%          4    ####...
i - Cure Poison           Pois           #####.....   1%          2    None
j - Venom Bolt            Conj/Pois      ####......   21%         5    #####..
k - Spider Form           Trmt/Pois      ####......   1%          3    ##.....


Dungeon Overview and Level Annotations

Branches:
Dungeon (15/15)            Temple (0/1) D:6            Lair (8/8) D:8
  Swamp (3/4) Lair:6        Snake (0/4) Lair:4        Slime (0/6) Lair:7
    Orc (4/4) D:11            Elf (0/3) Orc:3        Depths (0/5) D:15
 Vaults: D:13-14

Altars:
Fedhas
Makhleb
Nemelex Xobeh
Okawaru
Sif Muna
Trog
Xom
Zin
Beogh

Shops:
D:5 (   D:8 :   Orc:4 %[[

Annotations:
D:2 Sigmund


Innate Abilities, Weirdness & Mutations

You reflexively headbutt those who attack you in melee.
You have a pair of horns on your head.


Message History

The stinking cloud engulfs the shambling mangrove.
The shambling mangrove is almost destroyed.
The stinking cloud engulfs you!
The stinking cloud engulfs the shambling mangrove.
The shambling mangrove is lightly damaged.
You block the shambling mangrove's attack.
The alligator is engulfed in noxious fumes.
The alligator bites the shambling mangrove!!
The alligator tail-slaps the shambling mangrove but does no damage.
The shambling mangrove hits you!!
* * * LOW HITPOINT WARNING * * *
The alligator seems less confused.
The alligator is engulfed in noxious fumes.
The alligator appears confused.
Casting: Mephitic Cloud
Confirm with . or Enter, or press ? or * to list all spells.
You ignite the poison in your surroundings!
The shambling mangrove is engulfed in roaring flames.
The shambling mangrove hits you!!
You die...

...≈≈≈$≈. .♣ ≈≈≈..≈.♣♣≈≈≈
...≈≈≈f≈♣♣≈♣ .≈≈..≈≈.≈.≈≈
.≈.≈≈≈≈≈§♣≈♣♣ .≈≈..≈≈≈.<†≈
♣≈..≈†≈..≈.♣ ♣.≈≈..≈≈.†...
♣......f.≈.♣♣ ♣♣..≈≈≈≈≈.♣≈†≈
♣≈..≈♣♣≈....♣♣♣≈..≈≈≈≈≈.♣♣♣♣
♣♣.≈♣§...≈♣.!......≈≈≈≈≈..♣♣
♣♣♣♣♣.≈.♣♣♣≈≈≈.≈≈≈≈≈≈≈≈≈≈.♣
♣...♣.§§f@≈≈≈≈≈≈≈≈≈≈≈≈.≈.♣ ♣♣
♣.≈.≈≈t§f.≈≈≈.≈≈≈≈.≈≈...≈♣
♣≈♣♣♣♣♣♣≈.♣......≈≈≈≈≈≈≈....♣♣♣♣
♣.≈≈≈≈≈♣♣≈≈♣..≈..≈≈≈≈≈≈≈♣♣..♣♣♣♣
♣...≈≈≈♣♣.§...≈≈≈≈≈≈≈≈..♣♣♣.≈≈≈♣
♣.≈≈≈≈.♣♣.≈.....≈≈≈≈≈≈≈♣♣ ♣.≈≈.♣
♣..≈≈≈.≈♣≈≈≈≈.♣.≈≈≈≈≈.♣♣♣♣♣♣..♣♣
♣≈..≈≈....≈≈≈♣♣♣.≈≈..≈♣....♣♣♣♣
♣♣♣≈≈≈≈≈..≈≈.♣ ♣♣♣♣≈.♣♣..≈≈.♣


You could see 2 shambling mangroves and an alligator (confused).

Vanquished Creatures
  Maud (Orc:2)
  Aizul (Swamp:1)
  2 dire elephants
  A minotaur (Lab)
  Fannar (Lair:1)
  Harold (Orc:1)
  A catoblepas (Lair:8)
  9 hydras
  5 centaur warriors (D:14)
  Erica (Lair:1)
  6 alligators
  A tengu warrior (D:14)
  12 death yaks
  A ghost crab (Swamp:1)
  6 orc high priests (Orc:4)
  A deep troll shaman (Lair:8)
  Urug (D:14)
  An unseen horror (D:14)
  A spriggan druid (Swamp:3)
  2 hill giants
  3 orc knights
  A lindwurm (Orc:1)
  An orc sorcerer (Orc:4)
  2 swamp dragons (Swamp:1)
  3 ugly things
  A wizard (D:14)
  4 griffons
  2 cyclopes
  A manticore (D:15)
  9 elephants
  8 black mambas
  4 centaur zombies
  11 spiny frogs
  9 komodo dragons
  4 fire drakes
  A deep elf priest (D:14)
  7 trolls
  A polar bear (Lair:8)
  2 giant leeches (Swamp:1)
  20 blink frogs
  7 slime creatures
  2 bog bodies (Swamp:3)
  A hornet zombie (D:15)
  2 two-headed ogres
  2 wyverns
  2 shadows
  A trapdoor spider (D:12)
  2 wraiths
  A deep elf mage (D:12)
  A hungry ghost (D:14)
  A water elemental (D:14)
  5 vampire mosquitoes (Swamp:1)
  Eustachio (D:5)
  8 basilisks
  58 yaks
  3 hippogriffs
  Menkaure (D:7)
  3 nagas (Lair:4)
  5 wargs
  10 swamp worms
  21 wolves
  13 water moccasins
  8 porcupines
  3 swamp drakes
  28 orc warriors
  A sky beast (D:11)
  3 phantoms
  An eye of draining (D:12)
  3 black bears
  6 ice beasts
  3 wasps
  6 centaurs
  7 ogres
  8 crocodiles
  3 big kobolds
  12 giant frogs
  A water moccasin zombie (Ossuary)
  25 killer bees
  5 wights (D:11)
  3 scorpions
  5 electric eels
  4 crimson imps
  A giant frog zombie (D:12)
  3 jellies
  2 centaur skeletons
  A gnoll shaman (D:4)
  27 orc wizards
  Crazy Yiuf (D:6)
  35 orc priests
  Ijyb (D:2)
  Jessica (D:3)
  8 iguanas
  2 hounds
  6 worker ants
  6 big kobold zombies (Ossuary)
  20 sheep
  2 hound skeletons
  2 mummies (Ossuary)
  9 adders
  14 gnolls (D:4)
  44 river rats
  6 shadow imps
  3 oozes
  7 adder zombies
  2 worms
  4 giant geckos
  160 orcs
  A bat skeleton (D:5)
  8 giant cockroaches
  A gnoll zombie (Ossuary)
  38 goblins
  45 hobgoblins
  15 jackals
  14 kobolds
  3 quokkas
  A ball python (D:4)
  11 bats
  A giant cockroach zombie (D:4)
  2 giant newts
  4 hobgoblin zombies (Ossuary)
  6 kobold zombies (Ossuary)
  9 orc zombies (Ossuary)
  12 rats
  A bush (Lair:8)
  7 fungi
  8 plants
988 creatures vanquished.

Vanquished Creatures (collateral kills)
  An orc high priest (Orc:3)
  An orc knight (D:14)
  An orc (Orc:3)
3 creatures vanquished.

Vanquished Creatures (others)
  A centaur warrior (D:14)
  A slime creature (D:14)
  A wasp (Swamp:1)
  5 centaurs
  An orc (D:12)
  2 kobolds (D:12)
  A bush (Lair:8)
  22 fungi
  4 plants
38 creatures vanquished.

Grand Total: 1029 creatures vanquished

Notes
Turn   | Place    | Note
--------------------------------------------------------------
     0 | D:1      | Chiseanne the Minotaur Gladiator began the quest for the Orb.
     0 | D:1      | Reached XP level 1. HP: 18/18 MP: 0/0
   214 | D:1      | Reached XP level 2. HP: 25/25 MP: 1/1
   453 | D:1      | Reached XP level 3. HP: 28/31 MP: 2/2
   960 | D:2      | Noticed Ijyb
   975 | D:2      | Killed Ijyb
   975 | D:2      | Reached skill level 4 in Axes
   975 | D:2      | Reached skill level 1 in Armour
   975 | D:2      | Reached XP level 4. HP: 35/40 MP: 3/3
   986 | D:2      | Noticed Sigmund
  1733 | D:3      | Noticed Jessica
  1741 | D:3      | Killed Jessica
  1741 | D:3      | Reached XP level 5. HP: 42/47 MP: 4/4
  2044 | D:3      | Reached skill level 1 in Maces & Flails
  2044 | D:3      | Reached skill level 1 in Shields
  2623 | D:4      | Reached XP level 6. HP: 55/55 MP: 5/5
  2802 | D:4      | Reached skill level 5 in Fighting
  3166 | D:4      | Reached XP level 7. HP: 57/61 MP: 6/6
  3469 | D:4      | Reached skill level 5 in Dodging
  3630 | D:4      | Noticed a phantom
  3677 | D:4      | Killed a phantom
  3746 | D:4      | Reached skill level 6 in Fighting
  3853 | D:4      | Reached skill level 5 in Armour
  4107 | D:4      | Reached XP level 8. HP: 69/71 MP: 7/7
  4141 | D:4      | Found a deep blue altar of Sif Muna.
  4149 | D:4      | Became a worshipper of Sif Muna the Loreminder
  4296 | D:5      | Entered Level 5 of the Dungeon
  4317 | D:5      | Noticed Eustachio
  4367 | D:5      | Killed Eustachio
  4367 | D:5      | Reached skill level 1 in Spellcasting
  4399 | D:5      | Found a deep blue altar of Sif Muna.
  4401 | D:5      | Found a sparkling altar of Nemelex Xobeh.
  4436 | D:5      | Learned a level 2 spell: Stoneskin
  4549 | D:5      | Found a sand-covered staircase.
  4553 | Ossuary  | Entered an ossuary
  4784 | Ossuary  | Reached skill level 1 in Transmutations
  5099 | D:5      | Found Vipuch's Antique Weapon Shoppe.
  5106 | D:5      | Bought a pitted falchion for 192 gold pieces
  5107 | D:5      | Identified the cursed +3 falchion "Xaasir" {slice, -Tele rC+ rN+ Stlth+} (You bought it in a shop on level 5 of the Dungeon)
  5519 | D:6      | Acquired Sif Muna's first power
  5519 | D:6      | Reached skill level 1 in Long Blades
  5705 | D:6      | Found Huulimed's Distillery.
  5722 | D:6      | Bought a potion of heal wounds for 60 gold pieces
  5722 | D:6      | Bought a potion of might for 48 gold pieces
  5722 | D:6      | Bought a potion of brilliance for 48 gold pieces
  5729 | D:6      | Found a staircase to the Ecumenical Temple.
  5813 | D:6      | Found a glowing silver altar of Zin.
  5813 | D:6      | Found a shimmering altar of Xom.
  5814 | D:6      | Noticed an angel
  5979 | D:6      | Found a burning altar of Makhleb.
  6019 | D:6      | Noticed Crazy Yiuf
  6026 | D:6      | Killed Crazy Yiuf
  6026 | D:6      | Reached XP level 9. HP: 64/78 MP: 11/11
  6676 | D:7      | Noticed Menkaure
  6704 | D:7      | Killed Menkaure
  7004 | D:7      | Found a bloodstained altar of Trog.
  7280 | D:7      | Found a blossoming altar of Fedhas.
  7525 | D:8      | Got a crude robe
  7545 | D:8      | Identified the +2 robe of the New World {rC+ Int+3 Slay-6} (You found it on level 8 of the Dungeon)
  7560 | D:8      | Found Degeaf's Book Shop.
  7729 | D:8      | Found a staircase to the Lair.
  7730 | D:8      | Noticed a komodo dragon
  7755 | D:8      | Killed a komodo dragon
  7755 | D:8      | Acquired Sif Muna's second power
  7755 | D:8      | Reached skill level 7 in Dodging
  7762 | D:8      | Got a scorched chain mail
  7795 | D:8      | Identified the +4 chain mail of the Page of Swords {+Fly rF- Int+4 Stlth+} (You found it on level 8 of the Dungeon)
  7807 | Lair:1   | Entered Level 1 of the Lair of Beasts
  7843 | Lair:1   | Noticed a spiny frog
  7953 | Lair:1   | Found a labyrinth entrance.
  7964 | Lab      | Entered a labyrinth
  8114 | Lab      | Learned a level 3 spell: Passwall
  9217 | Lab      | Noticed a minotaur
  9230 | Lab      | Killed a minotaur
  9230 | Lab      | Reached skill level 5 in Long Blades
  9230 | Lab      | Reached skill level 8 in Dodging
  9230 | Lab      | Reached XP level 10. HP: 62/84 MP: 15/15
  9232 | Lab      | Got a wavering bone amulet
  9232 | Lab      | Got a fine tin ring
  9238 | Lab      | Got an encrusted demon trident
  9241 | Lab      | Identified the amulet "Qyufow" {Spirit Int+2} (You found it in a labyrinth)
  9245 | Lab      | Identified the ring of Heynon {SustAt -Tele Dex+3 SInv} (You found it in a labyrinth)
  9267 | Lab      | Identified a +1 pair of boots of running (You found it in a labyrinth)
  9272 | Lab      | Identified the cursed +1 demon trident "Xoawiod" {vamp, +Rage Int-3 Dex-4 SInv} (You took it off a minotaur in a labyrinth)
  9400 | Lair:1   | Reached skill level 1 in Polearms
  9425 | Lair:1   | Reached skill level 1 in Poison Magic
  9539 | Lair:1   | Noticed Erica
  9561 | Lair:1   | Killed Erica
  9574 | Lair:1   | Noticed a spiny frog
  9580 | Lair:1   | Killed a spiny frog
  9580 | Lair:1   | Reached skill level 5 in Transmutations
  9621 | Lair:1   | Noticed a fire drake
  9622 | Lair:1   | Noticed a spiny frog
  9644 | Lair:1   | Killed a fire drake
  9674 | Lair:1   | Reached skill level 9 in Dodging
  9783 | Lair:1   | Killed a spiny frog
  9786 | Lair:1   | Acquired Sif Muna's third power
  9830 | Lair:1   | Reached XP level 11. HP: 47/91 MP: 17/17
  9848 | Lair:1   | Reached skill level 5 in Spellcasting
  9968 | Lair:1   | Noticed a komodo dragon
  9987 | Lair:1   | Killed a komodo dragon
  9987 | Lair:1   | Reached skill level 5 in Polearms
 10067 | Lair:1   | Noticed Fannar
 10130 | Lair:1   | Killed Fannar
 10209 | Lair:1   | Learned a level 2 spell: Blink
 10212 | Lair:1   | Learned a level 2 spell: Repel Missiles
 10257 | Lair:1   | Killed a spiny frog
 10317 | Lair:1   | Noticed a komodo dragon
 10326 | Lair:1   | Killed a komodo dragon
 10651 | Lair:2   | Reached skill level 1 in Earth Magic
 10784 | Lair:2   | Reached skill level 10 in Dodging
 11643 | Lair:3   | Reached XP level 12. HP: 82/97 MP: 20/20
 11876 | Lair:3   | Received a gift from Sif Muna
 11876 | Lair:3   | Reached skill level 5 in Poison Magic
 11888 | Lair:3   | Identified Cigotuvi's Catalogue of Sinister Magic {god gift} (Sif Muna gifted it to you on level 3 of the Lair of Beasts)
 12282 | Lair:4   | Found a staircase to the Snake Pit.
 12535 | Lair:4   | Learned a level 3 spell: Mephitic Cloud
 12915 | Lair:4   | Reached skill level 5 in Shields
 13134 | Lair:4   | Identified the Reference Book on Lethal Shape Shifting (You found it on level 4 of the Lair of Beasts)
 13624 | D:10     | Entered Level 10 of the Dungeon
 13838 | D:10     | Reached skill level 1 in Translocations
 14987 | D:14     | Noticed a five-headed hydra
 14987 | D:14     | Noticed a centaur warrior
 15021 | D:14     | Noticed Urug
 15036 | D:14     | Killed Urug
 15079 | D:14     | Killed a centaur warrior
 15098 | D:15     | Entered Level 15 of the Dungeon
 15414 | D:15     | Reached skill level 10 in Shields
 15414 | D:15     | Reached XP level 13. HP: 93/103 MP: 21/21
 15451 | D:15     | Noticed a dire elephant
 15468 | D:15     | Killed a dire elephant
 15485 | D:15     | Found a staircase to the Depths.
 15594 | D:14     | Killed a five-headed hydra
 15767 | D:14     | Noticed a centaur warrior
 15772 | D:14     | Noticed a centaur warrior
 15789 | D:14     | Killed a centaur warrior
 15789 | D:14     | Reached skill level 11 in Shields
 15799 | D:14     | Killed a centaur warrior
 15891 | D:14     | Noticed a centaur warrior
 15908 | D:14     | Killed a centaur warrior
 16488 | D:12     | Reached skill level 12 in Shields
 16957 | D:12     | Received a gift from Sif Muna
 17582 | D:11     | Found a staircase to the Orcish Mines.
 17583 | D:11     | Found a roughly hewn altar of Beogh.
 17676 | Orc:1    | Entered Level 1 of the Orcish Mines
 17877 | Orc:1    | Found a dark tunnel.
 17903 | Volcano  | Entered a volcano
 18005 | Volcano  | Reached skill level 13 in Shields
 18542 | Orc:2    | Noticed Harold
 18565 | Orc:1    | Killed Harold
 18840 | Orc:2    | Noticed Maud
 18870 | Orc:2    | Killed Maud
 19758 | Orc:3    | Found a staircase to the Elven Halls.
 19785 | Orc:4    | Entered Level 4 of the Orcish Mines
 19868 | Orc:4    | Found an iron altar of Okawaru.
 20248 | Orc:4    | Reached skill level 14 in Shields
 20379 | Orc:4    | Reached XP level 14. HP: 111/111 MP: 22/22
 21271 | Orc:4    | Found Vibur's Antique Armour Emporium.
 21271 | Orc:4    | Found Turr's Food Shop.
 21293 | Orc:4    | Bought a meat ration for 65 gold pieces
 21293 | Orc:4    | Bought a meat ration for 65 gold pieces
 21293 | Orc:4    | Bought a meat ration for 65 gold pieces
 21293 | Orc:4    | Bought a slice of pizza for 19 gold pieces
 21293 | Orc:4    | Bought a beef jerky for 19 gold pieces
 21293 | Orc:4    | Bought a bread ration for 65 gold pieces
 21293 | Orc:4    | Bought 2 fruits for 39 gold pieces
 21293 | Orc:4    | Bought 3 fruits for 58 gold pieces
 21293 | Orc:4    | Bought a beef jerky for 19 gold pieces
 21293 | Orc:4    | Bought a slice of pizza for 19 gold pieces
 21304 | Orc:4    | Found a roughly hewn altar of Beogh.
 21334 | Orc:4    | Found Ickaygech's Food Emporium.
 21334 | Orc:4    | Found Mutute's Armour Shop.
 21483 | Orc:4    | Bought the -2 hat of the Alchemist {rElec rPois rF+ rC+ rN+ MR+ rMut rCorr} for 472 gold pieces
 21605 | Orc:4    | Bought a +1 pair of gloves for 115 gold pieces
 21923 | D:8      | Learned a level 3 spell: Ignite Poison
 22202 | Lair:5   | Noticed a six-headed hydra
 22220 | Lair:5   | Killed a six-headed hydra
 22349 | Lair:5   | Reached skill level 15 in Shields
 22585 | Lair:6   | Reached skill level 10 in Poison Magic
 22863 | Lair:6   | Reached skill level 1 in Air Magic
 22888 | Lair:6   | Received a gift from Sif Muna
 22889 | Lair:6   | Identified Poodu's Tome of Displacement and Earth {god gift} (Sif Muna gifted it to you on level 6 of the Lair of Beasts)
 22892 | Lair:6   | Learned a level 1 spell: Apportation
 22892 | Lair:6   | Found a staircase to the Swamp.
 23557 | Lair:7   | Found a deep blue altar of Sif Muna.
 23594 | Lair:7   | Got a smoking robe
 23651 | Lair:7   | Identified the +0 robe of Zereddif {rC+ Str+2 Slay-4 Stlth+} (You found it on level 7 of the Lair of Beasts)
 23707 | Lair:7   | Found a staircase to the Slime Pits.
 23951 | Lair:8   | Entered Level 8 of the Lair of Beasts
 25355 | Lair:8   | Received a gift from Sif Muna
 25356 | Lair:8   | Reached XP level 15. HP: 109/121 MP: 19/26
 25449 | Lair:8   | Identified Sif Muna's Almanac of Envenoming and Battle Magic {god gift} (Sif Muna gifted it to you on level 8 of the Lair of Beasts)
 25455 | Lair:8   | Learned a level 4 spell: Olgreb's Toxic Radiance
 25916 | Lair:8   | Learned a level 2 spell: Cure Poison
 27337 | D:11     | Learned a level 5 spell: Venom Bolt
 27478 | D:14     | Noticed a centaur warrior
 27484 | D:14     | Killed a centaur warrior
 27580 | D:14     | Noticed a centaur warrior
 27590 | D:14     | Killed a centaur warrior
 27590 | D:14     | Reached skill level 5 in Air Magic
 27917 | D:15     | Learned a level 3 spell: Spider Form
 28327 | D:6      | Bought a potion of invisibility for 96 gold pieces
 28327 | D:6      | Bought a potion of cure mutation for 420 gold pieces
 28327 | D:6      | Bought a potion of curing for 36 gold pieces
 28327 | D:6      | Bought a potion of agility for 48 gold pieces
 28327 | D:6      | Bought 2 potions of heal wounds for 120 gold pieces
 28327 | D:6      | Bought a potion of curing for 36 gold pieces
 28598 | Swamp:1  | Entered Level 1 of the Swamp
 28604 | Swamp:1  | Reached skill level 1 in Conjurations
 28714 | Swamp:1  | Noticed Aizul
 28739 | Swamp:1  | Killed Aizul
 29405 | Swamp:3  | Received a gift from Sif Muna
 29406 | Swamp:3  | Identified Sif Muna's Collected Works on Aerial Confrontation {god gift} (Sif Muna gifted it to you on level 3 of the Swamp)
 29524 | Swamp:3  | Demolished by a shambling mangrove

Vault maps used:
D:1:      kilobyte_arrival_exit_the_forest, minmay_misc_feat_x
D:2:      uniq_sigmund, uniq_iyjb
D:3:      uniq_jessica
D:4:      minmay_goblin_kobold_castle, tgw_sif
D:5:      nicolae_overflow_hidden_temple, nicolae_ossuary_entry_false_entrances,
          serial_shops, shop, first_bread, minmay_hedge_maze, uniq_eustachio
D:6:      grunt_temple_overflow_order_and_chaos_1, makhleb_grotto_becter,
          minmay_temple_entry_from_below_b, serial_shops,
          nicolae_shop_competitors_out_of_business, uniq_crazy_yiuf_cottage
D:7:      lemuel_crystal_altar, fedhas_altar_3, uniq_menkaure
D:8:      david_lair_shrubbed, serial_shops, shop_statue
D:9:      uniq_pikel, uniq_joseph, uniq_gastronok
D:10:     the_bakery, nrook_pool_corridor, grunt_decor_resistance
D:11:     david_orc_5, serial_shops, nicolae_shop_overgrown_old_shop
D:13:     nrook_guardian_serpent_ordinary
D:14:     hangedman_cross_veins, david_vaults_1, lemuel_round_altar,
          basic_altar, nicolae_blasting_shop, uniq_snorg, uniq_roxanne,
          uniq_urug
D:15:     hangedman_depths_entry_try_elsewhere_first, minmay_misc_feat_hallway,
          nicolae_ru_path_of_blood
Lair:1:   lab_entry_generic, eino_small_chamber_without_monster,
          lemuel_fruit_fields, infiniplex_staircase_pool, uniq_erica,
          uniq_fannar
Lair:2:   st_stairs_9, grunt_megastairs_2
Lair:4:   minmay_snake_entry_guardpost_small
Lair:6:   beast_lair_carwin_large_1, nicolae_swamp_entry_splash_gauntlet
Lair:7:   gammafunk_lair_bear_cave, dpeg_slime_entry_corner,
          lemuel_centaur_altar
Lair:8:   grunt_lair_end_beastmaster, infiniplex_staircase_pool_2
Swamp:1:  serial_swamp_ruin, evilmike_swamp_ruin_house_5,
          evilmike_swamp_ruin_rubble_1, swamp_pool2, uniq_aizul
Swamp:2:  evilmike_swamp_ruin_house_2
Swamp:3:  evilmike_swamp_ruin_house_3
Orc:1:    nicolae_volcano_entry_vermiform
Orc:2:    uniq_harold, uniq_maud
Orc:3:    nicolae_orc_pool_cavern, small_statue_alley_c, guppyfry_library_mini
Orc:4:    st_orc_town, okawaru_metal_pillars_3
Lab:      nicolae_lab_starburst, labyrinth_skeletal_remains, nicolae_lab_do_over
Ossuary:  ossuary_tomb_2
Volcano:  volcano_pools

Action                   |  1- 3 |  4- 6 |  7- 9 | 10-12 | 13-15 || total
-------------------------+-------+-------+-------+-------+-------++-------
Melee: War axe           |    18 |       |       |       |       ||    18
       Whip              |    53 |   244 |   377 |       |       ||   674
       Falchion          |       |       |   200 |       |       ||   200
       Lance             |       |       |       |   944 |  1561 ||  2505
 Fire: Blowgun           |       |       |       |    40 |    92 ||   132
Throw: Throwing net      |       |     3 |     2 |       |     1 ||     6
 Cast: Stoneskin         |       |       |     2 |    70 |    87 ||   159
       Passwall          |       |       |     1 |       |       ||     1
       Repel Missiles    |       |       |       |     2 |     4 ||     6
       Mephitic Cloud    |       |       |       |       |   230 ||   230
       Ignite Poison     |       |       |       |       |   136 ||   136
       Apportation       |       |       |       |       |    21 ||    21
       Olgreb's Toxic Ra |       |       |       |       |     1 ||     1
       Cure Poison       |       |       |       |       |     1 ||     1
       Spider Form       |       |       |       |       |     1 ||     1
Invok: Channel Energy    |       |       |       |       |    16 ||    16
Evoke: Wand              |       |       |       |     5 |     6 ||    11
       Fan of gales      |       |       |       |       |     3 ||     3
  Use: Scroll            |       |     9 |    13 |     9 |    14 ||    45
       Potion            |       |     1 |     6 |     5 |    11 ||    23
 Stab: Invisible         |       |       |     3 |       |       ||     3
       Sleeping          |       |       |     4 |       |       ||     4
       Distracted        |       |       |       |     1 |     1 ||     2
       Confused          |       |       |       |       |    36 ||    36
       Fleeing           |       |       |       |       |     1 ||     1
       Held in net/web   |       |       |       |       |     1 ||     1
       Paralysed         |       |       |       |       |     6 ||     6
  Eat: Chunk             |       |     7 |    13 |    10 |    50 ||    80
       Fruit             |       |       |     3 |     4 |     7 ||    14
       Beef jerky        |       |       |     4 |     1 |     2 ||     7
       Bread ration      |       |       |       |     3 |     3 ||     6
       Pizza             |       |       |       |     1 |     2 ||     3
       Royal jelly       |       |       |       |       |     1 ||     1
